 Dungeon Crawl Stone Soup version 0.21-a0-538-gd16b88a (webtiles) character file.

85 slep the Chopper (level 4, -2/34 HPs)
             Began as a Demonspawn Gladiator on Dec 17, 2017.
             Slain by an orc
             ... wielding a +0 whip
              (5 damage)
             ... on level 3 of the Dungeon.
             The game lasted 00:04:03 (1556 turns).

slep the Chopper (Demonspawn Gladiator)             Turns: 1556, Time: 00:04:05

Health: -2/34      AC:  5    Str: 14    XL:     4   Next: 25%
Magic:  4/4        EV: 13    Int:  9    God:
Gold:   92         SH:  0    Dex: 16    Spells: 3/3 levels left

rFire    . . .     SeeInvis .   a - +0 war axe
rCold    . . .     Gourm    .   (no shield)
rNeg     . . .     Faith    .   b - +0 leather armour
rPois    .         Spirit   .   c - +0 helmet
rElec    .         Reflect  .   (no cloak)
rCorr    .         Harm     .   q - +0 pair of gloves
MR       .....                  (no boots)
Stlth    +.........             (no amulet)
HPRegen  0.11/turn              (no ring)
MPRegen  0.09/turn              (no ring)

@: no status effects
A: hooves 2
a: no special abilities


You were on level 3 of the Dungeon.
You were not hungry.

You visited 1 branch of the dungeon, and saw 3 of its levels.

You collected 92 gold pieces.

Inventory:

Hand Weapons
 a - a +0 war axe (weapon)
Missiles
 d - 3 throwing nets (quivered)
 r - 5 javelins
Armour
 b - a +0 leather armour (worn)
 c - a +0 helmet (worn)
 q - a +0 pair of gloves (worn)
Scrolls
 h - a scroll of enchant weapon {unknown}
 i - 2 scrolls of blinking {unknown}
 j - a scroll of remove curse {unknown}
 k - a scroll of identify {unknown}
 m - 2 scrolls of teleportation {unknown}
 o - a scroll of fog {unknown}
 t - a scroll of enchant armour {unknown}
Potions
 e - 3 potions of mutation {unknown}
 l - a potion of might {unknown}
 n - 2 potions of degeneration {unknown}
 p - a potion of heal wounds {unknown}
 s - a potion of curing {unknown}
Comestibles
 f - 4 bread rations
 g - a royal jelly
 u - a meat ration


   Skills:
 + Level 2.4 Fighting
 + Level 3.6 Axes
 + Level 2.0 Throwing
 + Level 1.2 Armour
 + Level 3.0 Dodging
 + Level 0.5 Stealth


You had 3 spell levels left.
You didn't know any spells.

Dungeon Overview and Level Annotations

Branches:
Dungeon (3/15)

Altars:


Innate Abilities, Weirdness & Mutations

You have hoof-like feet.


Message History

Something hits you but does no damage. The orc misses you.
You closely miss something. You hit the orc but do no damage.
Something hits you but does no damage. The orc hits you with a whip.
* * * LOW HITPOINT WARNING * * *
Something hits you but does no damage. The orc closely misses you.
A goblin comes into view. It is wielding a club.
You hit something. You kick something. You closely miss the orc.
You hit the orc. Something hits you.
* * * LOW HITPOINT WARNING * * *
The orc hits you but does no damage. The orc hits you with a hand axe.
* * * LOW HITPOINT WARNING * * *
The orc hits you with a dagger.
* * * LOW HITPOINT WARNING * * *
You barely miss the orc.
The orc is almost dead.
You hit the orc but do no damage. You hit the orc. You miss something.
Something hits you.
* * * LOW HITPOINT WARNING * * *
The orc hits you with a whip.
You die...

.... . # #.#. ##.#
...# ...##.#.#.
...###.. ......#.#.
.g..... .....#... ..
#.########.#.###.
###.##............# #.
#....#.####.#.#...###.
+...o#o# #.#.........
#?..o@.# #.###.....#.
#...#{.# #.###.#.#.#.
#.. #..# #.#.....#.#.
#. #..# #.........#. #
##># #####.#####. ###
#######. ........
#######. ##


You could see 3 orcs and a goblin.

Vanquished Creatures
  3 adders
  2 worms
  A dart slug (D:1)
  3 leopard geckos
  3 orcs (D:3)
  5 goblins
  6 hobgoblins
  4 jackals (D:1)
  3 kobolds
  4 bats
  3 frilled lizards
  6 rats
43 creatures vanquished.

Notes
Turn   | Place    | Note
-------+----------+-------------------------------------------
     0 | D:1      | slep the Demonspawn Gladiator began the quest for the Orb.
     0 | D:1      | Reached XP level 1. HP: 16/16 MP: 1/1
   282 | D:1      | Gained mutation: You have large cloven feet. [demonic ancestry]
   282 | D:1      | Reached XP level 2. HP: 12/22 MP: 2/2
   775 | D:2      | Gained mutation: You have hoof-like feet. [demonic ancestry]
   775 | D:2      | Reached XP level 3. HP: 27/27 MP: 3/3
  1444 | D:3      | Reached skill level 1 in Armour
  1475 | D:3      | Reached XP level 4. HP: 19/34 MP: 4/4
  1556 | D:3      | Slain by an orc

Vault maps used:
D:1:      lightli_arrival_chessboard
D:3:      uniq_robin, uniq_crazy_yiuf_cottage, uniq_natasha

Skill      XL: |  1  2  3 |
---------------+----------+-----
Axes           | 3 |  3.6
Throwing       | 2 |  2.0
Dodging        | 3 |  3.0
Armour         | 1 |  1.2
Fighting       | |  2.4
Stealth        | |  0.5

Action                   |  1- 3 |  4- 6 || total
-------------------------+-------+-------++-------
Melee: War axe           |    82 |    16 ||    98
       Kick              |    14 |     7 ||    21
 Stab: Sleeping          |     2 |       ||     2
  Eat: Chunk             |     2 |       ||     2
Armor: Leather armour    |    33 |     8 ||    41
Dodge: Dodged            |    65 |    14 ||    79

Table legend:
 A = Spawn XP
 B = Non-spawn XP
 C = Spawn XP percentage of total XP
 D = Spawn monster count
 E = Non-spawn monster count
 F = Spawn count percentage of total count
 G = Total turns spent on level
                    A         B        C        D         E        F      G
               +---------+---------+-------+---------+---------+-------+---------
         Total |       0 |     122 |   0.0 |       0 |      43 |   0.0 |  1556
               +---------+---------+-------+---------+---------+-------+---------
           D:1 |       0 |      31 |   0.0 |       0 |      17 |   0.0 |   579
           D:2 |       0 |      49 |   0.0 |       0 |      14 |   0.0 |   827
           D:3 |       0 |      42 |   0.0 |       0 |      12 |   0.0 |   150
               +---------+---------+-------+---------+---------+-------+---------
